Map: 백워터 - 래더

Players

Ryung

  • Race: Terran Terran
  • Spawn Location: 11:00

sOs - Winner!

  • Race: Protoss Protoss
  • Spawn Location: 5:00

Event: IEM Season 12 - Katowice

VOD

Have the link to the VOD?

Description

Time

  • Played on: March 2, 2018, 10:38 a.m.
  • Length: 9:32

All games in this series

Show
View Real Time Build Order
Export as new Build Order

Ryung Terran 

Build Orders: Gas First Reaper Expand, Liberator Opening, Reaper Expand, MMM Bio 

Get SALT Encoding   

  12  0:00  SCV  
  13  0:12  SCV  
  14  0:17  Supply Depot  
  14  0:25  SCV  
  15  0:29  Refinery  
  15  0:38  SCV  
  16  0:44  Barracks  
  16  0:50  SCV  
  17  1:02  SCV  
  18  1:15  SCV  
  19  1:31  Orbital Command  
  19  1:32  Reaper  
  20  1:52  Command Center  
  20  1:57  SCV  
  21  2:03  Factory  
  21  2:06  Barracks Reactor  
  21  2:09  SCV  
  21  2:14  Supply Depot  
  22  2:19  Refinery  
  22  2:21  SCV  
  23  2:35  SCV  
  24  2:44  Marine x2  
  24  2:48  SCV, Starport  
  27  2:52  Widow Mine  
  29  3:00  SCV  
  29  3:02  Marine  
  31  3:11  Marine  
  31  3:12  SCV  
  32  3:13  Orbital Command  
  32  3:14  Widow Mine  
  34  3:20  Marine  
  34  3:22  Orbital Command  
  34  3:24  SCV, Medivac  
  38  3:29  Marine  
  39  3:36  Widow Mine, SCV, Supply Depot  
  42  3:44  Marine  
  42  3:47  Marine  
  44  3:48  SCV  
  44  3:51  SCV  
  46  3:56  Liberator  
  46  4:00  SCV  
  46  4:02  Marine  
  44  4:04  SCV  
  44  4:05  Marine  
  44  4:12  SCV  
  44  4:16  SCV  
  48  4:24  SCV  
  48  4:28  SCV  
  48  4:37  SCV, Barracks Tech Lab  
  49  4:40  SCV  
  49  4:42  Barracks  
  50  4:45  Barracks  
  50  4:49  SCV, Engineering Bay  
  50  4:50  Supply Depot  
  51  4:53  SCV  
  51  4:57  Marine  
  51  4:58  Stimpack  
  53  5:00  Factory Reactor  
  53  5:01  Starport Reactor, SCV  
  54  5:08  Supply Depot  
  54  5:12  SCV  
  54  5:13  SCV, Refinery  
  56  5:15  Marine  
  57  5:28  SCV x2  
  57  5:30  Marine x2  
  58  5:38  Marine  
  58  5:40  SCV x2  
  57  5:46  Marauder  
  57  5:48  Marine  
  58  5:54  SCV x2  
  58  5:56  Medivac x2  
  58  5:58  Barracks Tech Lab  
  58  5:59  Marine  
  58  6:03  Terran Infantry Weapons Level 1  
  55  6:06  SCV, Marine  
  55  6:07  Marauder  
  57  6:11  Widow Mine x2  
  57  6:12  SCV  
  57  6:18  SCV  
  62  6:20  Supply Depot  
  62  6:21  Missile Turret  
  62  6:23  Combat Shields  
  62  6:24  SCV  
  63  6:30  SCV  
  63  6:31  Marine  
  63  6:32  Marauder x2  
  67  6:34  Marine  
  67  6:36  Widow Mine  
  68  6:41  SCV  
  68  6:42  SCV  
  68  6:45  Medivac  
  68  6:46  Medivac  
  74  6:55  Marine  
  74  6:56  Marine, Marauder  
  78  7:08  Supply Depot  
  78  7:09  Supply Depot  
  78  7:10  SCV x2, Concussive Shells  
  78  7:11  Marauder  
  82  7:20  Command Center  
  82  7:21  Marine, Marauder  
  89  7:30  Widow Mine x2  
  89  7:31  Marine  
  89  7:32  SCV x2, Marauder  
  94  7:37  Supply Depot  
  94  7:47  SCV x2  
  94  7:50  Barracks, Refinery  
  96  7:53  Barracks  
  96  7:56  Marine, Marauder x2  
  101  8:00  Marine  
  101  8:03  SCV x2  
  103  8:13  Armory  
  103  8:14  Engineering Bay  
  100  8:25  Marine x2, Marauder x2  
  100  8:26  SCV x2  
  94  8:28  Medivac  
  94  8:32  Widow Mine  
  94  8:33  Widow Mine  
  98  8:38  SCV  
  98  8:41  Orbital Command  
  99  8:42  Barracks Reactor, Barracks Tech Lab  
  99  8:46  Marauder  
  99  8:47  Medivac  
  100  8:56  Missile Turret, SCV x2  
  96  9:03  Marine x4  
  88  9:10  Marauder  
  88  9:15  SCV x3  
Show
View Real Time Build Order
Export as new Build Order

sOs Protoss - Winner!

Build Orders: 1 Gate Expand, Oracle Opening, Zealot Archon 

Get SALT Encoding   

  12  0:00  Probe  
  13  0:12  Probe  
  14  0:18  Pylon  
  14  0:24  Probe  
  15  0:36  Probe (Chrono Boost)  
  15  0:39  Gateway  
  16  0:47  Probe (Chrono Boost), Assimilator  
  17  0:52  Probe (Chrono Boost)  
  18  1:03  Probe  
  19  1:15  Probe  
  20  1:25  Nexus  
  20  1:34  Cybernetics Core  
  20  1:38  Probe  
  21  1:43  Assimilator  
  21  1:50  Probe  
  22  1:55  Pylon  
  22  2:02  Probe  
  23  2:11  Adept (Chrono Boost)  
  23  2:14  Probe  
  26  2:18  Stargate  
  26  2:26  Probe  
  27  2:30  Adept (Chrono Boost)  
  27  2:32  Warp Gate  
  29  2:39  Probe x2  
  31  2:48  Adept (Chrono Boost)  
  33  2:52  Probe  
  34  3:01  Probe  
  34  3:03  Oracle (Chrono Boost)  
  34  3:04  Probe  
  39  3:13  Probe  
  39  3:16  Probe  
  41  3:26  Probe  
  42  3:27  Pylon  
  42  3:29  Probe  
  42  3:30  Oracle (Chrono Boost)  
  46  3:38  Probe  
  46  3:41  Probe  
  46  3:50  Probe  
  46  3:53  Probe  
  48  4:00  Phoenix (Chrono Boost)  
  50  4:02  Probe  
  50  4:05  Probe  
  50  4:06  Gateway  
  50  4:08  Gateway  
  48  4:16  Phoenix  
  48  4:22  Assimilator  
  50  4:25  Assimilator  
  50  4:35  Pylon  
  50  4:36  Probe x2  
  52  4:40  Stalker  
  54  4:53  Phoenix  
  54  4:55  Nexus  
  56  5:03  Stalker x3  
  62  5:07  Pylon  
  62  5:12  Forge  
  62  5:13  Twilight Council  
  62  5:18  Pylon  
  62  5:20  Probe  
  62  5:25  Probe  
  63  5:33  Probe  
  64  5:37  Probe  
  64  5:40  Phoenix  
  67  5:44  Charge (Chrono Boost), Protoss Ground Armor Level 1 (Chrono Boost)  
  67  5:45  Probe  
  67  5:46  Gateway  
  67  5:47  Gateway  
  67  5:48  Gateway  
  67  5:49  Probe  
  69  6:01  Zealot x3  
  75  6:14  Probe x2  
  77  6:23  Gateway  
  77  6:24  Gateway  
  77  6:26  Phoenix  
  77  6:40  Zealot x3  
  77  6:42  Probe x3  
  77  6:43  Photon Cannon  
  86  6:47  Templar Archives  
  86  6:49  Sentry  
  86  6:52  Pylon x2  
  86  6:53  Phoenix (Chrono Boost)  
  90  6:54  Probe  
  91  7:06  Zealot  
  93  7:10  Pylon  
  93  7:11  Pylon  
  93  7:14  Probe x3  
  93  7:15  Phoenix (Chrono Boost)  
  98  7:24  Zealot, High Templar x2  
  98  7:25  Zealot  
  98  7:29  Archon, Assimilator  
  106  7:30  Assimilator  
  106  7:33  Zealot x2  
  106  7:37  Pylon, Protoss Ground Armor Level 2 (Chrono Boost)  
  110  7:39  Probe  
  111  7:44  Pylon  
  111  7:48  Zealot x3  
  117  7:53  Phoenix  
  117  7:54  Probe  
  120  8:08  Zealot x5  
  120  8:11  Pylon  
  124  8:28  Probe  
  124  8:31  Pylon  
  124  8:33  Pylon  
  123  8:34  Pylon  
  123  8:36  Pylon, Phoenix  
  123  8:40  Robotics Facility  
  125  8:42  Zealot x4  
  133  8:50  Probe  
  122  9:12  Zealot x7  
  122  9:13  Zealot  
  112  9:29  Robotics Bay  

Tags
 
Add a new tag
Caveats
  • Supply blocks, unpowered buildings, or Contaminate may cause inaccurate times.
  • Supply counts are checked every 10 seconds.